 Dungeon Crawl Stone Soup version 0.19.0-24-gb05acd6 (webtiles) character file.

2003 nikopol the Skirmisher (level 9, -18/57 HPs)
             Began as a Gargoyle Berserker on Nov 20, 2016.
             Was an Elder of Trog.
             Demolished by an ogre
             ... wielding a +0 giant club
              (31 damage)
             ... on level 6 of the Dungeon.
             The game lasted 00:16:15 (5689 turns).

nikopol the Skirmisher (Gargoyle Berserker)         Turns: 5689, Time: 00:16:16

Health: -18/57     AC: 16    Str: 22    XL:     9   Next: 22%
Magic:  9/9        EV: 12    Int:  9    God:    Trog [****..]
Gold:   312        SH:  0    Dex: 10    Spells: 0 memorised, 8 levels left

rFire  . . .     SeeInvis .     B - +1 hand axe (chop)
rCold  . . .     Gourm    .     y - +0 scale mail
rNeg   + . .     Faith    .     (no shield)
rPois  ∞         Spirit   .     v - +0 helmet
rElec  +         Reflect  .     h - +0 cloak
rCorr  .         Harm     +     (no gloves)
MR     .....     Rnd*Tele +     (no boots)
Stlth  ..........               t - amulet of harm
                                r - ring of teleportation (curse)
                                n - ring of loudness (curse)

@: exhausted, slowed, very slow
A: negative energy resistance 1, electricity resistance, unbreathing,
petrification resistance, rot immunity, AC +5
a: Berserk, Trog's Hand, Brothers in Arms, Burn Spellbooks, Renounce Religion


You were on level 6 of the Dungeon.
You worshipped Trog.
Trog was greatly pleased with you.
You were hungry.

You visited 1 branch of the dungeon, and saw 6 of its levels.
You also visited: Sewer.

You collected 312 gold pieces.

Inventory:

Hand Weapons
 a - a +0 hand axe
 z - a +0 shortbow
 B - a +1 hand axe of chopping (weapon)
Missiles
 A - 88 arrows
Armour
 b - a +0 animal skin
 h - a +0 cloak (worn)
 i - a +0 leather armour
 v - a +0 helmet (worn)
 y - a +0 scale mail (worn)
Jewellery
 n - a cursed ring of loudness (left hand)
 r - a cursed ring of teleportation (right hand)
 t - an amulet of harm (around neck)
 u - an uncursed ring of flight {unknown}
 E - an uncursed ring of ice {unknown}
Wands
 C - a wand of flame (13/48)
Scrolls
 e - a scroll of fear {unknown}
 f - a scroll of recharging {unknown}
 g - 3 scrolls of teleportation {unknown}
 k - 5 scrolls of identify {unknown}
 m - 3 scrolls of immolation {unknown}
 o - a scroll of noise {unknown}
 I - a scroll of remove curse {unknown}
Potions
 d - 2 potions of agility
 l - 2 potions of curing
 p - 2 potions of haste {unknown}
 q - 2 potions of magic {unknown}
 s - a potion of brilliance {unknown}
 w - 3 potions of flight {unknown}
 x - a potion of heal wounds {unknown}
 F - a potion of cure mutation {unknown}
 G - a potion of invisibility {unknown}
 J - a potion of lignification {unknown}
Comestibles
 c - 7 bread rations
 j - a meat ration
 D - a beef jerky
 H - 4 chunks of flesh


   Skills:
 + Level 7.2 Fighting
 + Level 6.0 Axes
 + Level 6.7 Armour
 + Level 5.1 Dodging


You had 8 spell levels left.
You didn't know any spells.

Dungeon Overview and Level Annotations

Branches:
Dungeon (6/15)             Temple (0/1) D:6

Altars:
Elyvilon
The Shining One


Innate Abilities, Weirdness & Mutations

You are resistant to torment.
Your stone body is resilient. (AC +5)
You are immune to poison.
You resist negative energy. (rN+)
You are resistant to electric shocks. (rElec)
You can survive without breathing.
You are immune to petrification.
You are immune to rotting.


Message History

You feel a strong urge to attack something.
You feel your anger subside.
You are no longer berserk.
You are exhausted.
You feel yourself slow down.
You are suddenly yanked towards a nearby monster!
Your surroundings suddenly seem different.
An ogre comes into view. It is wielding a giant club.
The ogre shouts!
Found a scroll labeled MAIDIY ENNEHY.
Found an escape hatch in the floor.
Found a stone staircase leading down.
You fail to use your ability.
The ogre misses you.
You are too injured to fight recklessly!
You slash the ogre!
The ogre is moderately wounded.
The ogre completely misses you.
You hit the ogre but do no damage.
The ogre is moderately wounded.
The ogre hits you with a giant club!!
Ouch! That really hurt!
You die...

###...##....
.. #..........
.. #.........
.. #........ #
#....... .#
##.>...## ..
#.....?.## .?
#....@...# ..
#>....O....#
..
##.......#....
.. ##...##.#
#.. .? #####
.# . .< .# ..
. #. . ##


You could see an ogre.

Vanquished Creatures
  A sky beast (D:5)
  4 ogres
  2 centaurs
  A big kobold (Sewer)
  2 bullfrogs
  A gnoll sergeant (D:5)
  5 wights (D:6)
  A crimson imp (D:5)
  4 hounds
  An orc priest (D:3)
  8 orc wizards
  A gnoll shaman (D:4)
  A worker ant (D:4)
  Natasha (twice) (D:4)
  An iguana (D:6)
  12 gnolls
  A worker ant zombie (D:5)
  11 adders
  2 river rats (Sewer)
  A shadow imp (D:4)
  3 oozes
  3 worms
  A dart slug (D:3)
  2 leopard geckos (D:4)
  35 orcs
  4 bats
  9 giant cockroaches
  8 goblins
  5 hobgoblins
  2 jackals (Sewer)
  7 kobolds
  4 quokkas
  A ball python (D:1)
  4 frilled lizards
  A leopard gecko skeleton (D:6)
  10 rats
161 creatures vanquished.

Notes
Turn   | Place    | Note
-------+----------+-------------------------------------------
     0 | D:1      | nikopol the Gargoyle Berserker began the quest for the Orb.
     0 | D:1      | Reached XP level 1. HP: 14/14 MP: 1/1
    37 | D:1      | Reached XP level 2. HP: 15/19 MP: 2/2
   493 | D:1      | Reached XP level 3. HP: 14/23 MP: 3/3
  1100 | D:2      | Reached ** piety under Trog
  1606 | D:3      | Reached XP level 4. HP: 25/29 MP: 4/4
  1643 | D:3      | You fall through a shaft for 2 floors!
  1643 | D:5      | Entered Level 5 of the Dungeon
  1715 | D:5      | Reached skill level 4 in Fighting
  1733 | D:5      | Noticed a sky beast
  1756 | D:5      | Killed a sky beast
  1756 | D:5      | Reached XP level 5. HP: 6/34 MP: 5/5
  1764 | D:5      | HP: 1/51 [gnoll/spear (3)]
  2083 | D:5      | Found a glowing drain.
  2103 | D:5      | Reached XP level 6. HP: 39/39 MP: 6/6
  2120 | Sewer    | Entered a sewer
  2503 | Sewer    | Found a white marble altar of Elyvilon.
  2874 | D:5      | Reached skill level 5 in Fighting
  2874 | D:5      | Reached XP level 7. HP: 41/44 MP: 7/7
  2927 | D:4      | Reached *** piety under Trog
  2937 | D:4      | Reached skill level 5 in Armour
  3150 | D:4      | Found a white marble altar of Elyvilon.
  3261 | D:4      | Reached XP level 8. HP: 38/51 MP: 8/8
  3279 | D:4      | Reached skill level 6 in Fighting
  3436 | D:4      | Noticed Natasha
  3448 | D:4      | Killed Natasha
  3662 | D:4      | Reached skill level 5 in Axes
  3784 | D:3      | Reached **** piety under Trog
  4684 | D:4      | Noticed Natasha
  4691 | D:4      | Killed Natasha
  5235 | D:5      | Found a glowing golden altar of the Shining One.
  5622 | D:6      | Reached XP level 9. HP: 52/56 MP: 9/9
  5622 | D:6      | Reached skill level 7 in Fighting
  5622 | D:6      | Reached skill level 5 in Dodging
  5631 | D:6      | Found a staircase to the Ecumenical Temple.
  5689 | D:6      | Demolished by an ogre

Skill      XL: |  1  2  3  4  5  6  7  8  9 |
---------------+----------------------------+-----
Dodging        | 2 3 4 5 |  5.1
Axes           | 3 4 5 6 |  6.0
Fighting       | 4 5 6 7 |  7.2
Armour         | 3 4 5 6 |  6.7

Action                   |  1- 3 |  4- 6 |  7- 9 || total
-------------------------+-------+-------+-------++-------
Melee: Hand axe          |   149 |   147 |   268 ||   564
Invok: Berserk           |       |     2 |     5 ||     7
       Trog's Hand       |       |     1 |       ||     1
 Stab: Sleeping          |     1 |       |       ||     1
  Eat: Chunk             |     2 |     7 |    12 ||    21
       Pizza             |       |       |     1 ||     1
Armor: Animal skin       |    58 |       |       ||    58
       Leather armour    |     3 |    60 |       ||    63
       Scale mail        |       |    14 |   145 ||   159
Dodge: Dodged            |   117 |   118 |   169 ||   404
